 Dungeon Crawl Stone Soup version 0.24-a0-528-g98e85ec (webtiles) character file.

Game seed: 2265688465977475354

95683 robertstho the Slingshot (level 16, -17/129 HPs)
             Began as a Halfling Hunter on Aug 5, 2019.
             Was a High Priest of Okawaru.
             Killed from afar by a blizzard demon (38 damage)
             ... with a bolt of cold
             ... on level 2 of the Abyss.
             The game lasted 01:23:49 (29152 turns).

robertstho the Slingshot (Halfling Hunter)         Turns: 29152, Time: 01:23:49

Health: -17/129    AC: 18    Str: 23 (24) XL:     16   Next: 64%
Magic:  24/24      EV: 19    Int:  8      God:    Okawaru [*****.]
Gold:   1877       SH: 13    Dex: 24      Spells: 15/15 levels left

rFire    + . .     SeeInvis +   s - +0 war axe "Xejo" {chop, *Contam Str+7 SInv} (curse)
rCold    . . .     Gourm    .   S - +0 shield of Light {Str+3} (curse)
rNeg     . . .     Faith    .   k - +1 ring mail {rF+}
rPois    .         Spirit   .   F - +2 helmet {Int+3}
rElec    .         Reflect  .   V - +0 cloak
rCorr    .         Harm     .   (no gloves)
MR       +....     Rnd*Rage +   C - +1 pair of boots
Stlth    +++.......             L - amulet of Vitality {Regen+ HP+15}
HPRegen  0.71/turn              n - ring of see invisible
MPRegen  0.19/turn              B - +3 ring of protection

@: mighty, berserk cooldown, very slightly contaminated, slowed, studying
Throwing, invisible, very slow
A: small, agile 1, [berserk 2], [deterioration 2], [dopey 2], mutation
resistance 1, screaming 1[+2], [weak 2]
a: Heroism, Finesse, Renounce Religion


You were on level 2 of the Abyss.
You worshipped Okawaru.
Okawaru was extremely pleased with you.
You were not hungry.

You visited 5 branches of the dungeon, and saw 25 of its levels.
You visited the Abyss 1 time.

You collected 2438 gold pieces.
You spent 561 gold pieces at shops.

Inventory:

Hand Weapons
 l - the +5 hand axe of Judgement {venom, rC- rN+ Str+6}
   (You bought it in a shop on level 4 of the Dungeon)

   It poisons the flesh of those it strikes.
   It affects your strength (+6).
   It makes you vulnerable to cold.
   It protects you from negative energy.
 s - the cursed +0 war axe "Xejo" (weapon) {chop, *Contam Str+7 SInv}
   (You found it on level 2 of the Abyss)

   It inflicts extra damage upon your enemies.
   It affects your strength (+7).
   It lets you see invisible.
   It causes magical contamination when unequipped.
   It has a curse placed upon it.
 t - a +5 fustibalus of velocity
 u - a +1 fustibalus of flaming
 A - a +2 hand axe of flaming
Missiles
 p - 396 stones (quivered)
Armour
 k - a +1 ring mail of fire resistance (worn)
 C - a +1 pair of boots (worn)
 F - a +2 helmet of intelligence (worn)
 S - the cursed +0 shield of Light (worn) {Str+3}
   (You found it on level 10 of the Dungeon)

   It affects your strength (+3).
   It has a curse placed upon it.
 T - the +5 chain mail "Iqufuofa" {-Tele rElec rF+++ SInv}
   (Okawaru gifted it to you on level 12 of the Dungeon)

   It renders you almost immune to fire.
   It insulates you from electricity.
   It lets you see invisible.
   It prevents most forms of teleportation.
 V - a +0 cloak (worn)
Jewellery
 a - an uncursed ring of poison resistance
 i - an uncursed ring of ice
 m - an uncursed amulet of magic regeneration
 n - a ring of see invisible (left hand)
 q - an uncursed ring of positive energy
 r - a +2 ring of evasion
 w - a +3 ring of strength
 y - the ring of Cacwuh {+Fly Str+3 Dex+2}
   (You found it on level 13 of the Dungeon)

   [ring of flight]

   It affects your strength (+3).
   It affects your dexterity (+2).
   It lets you fly.
 B - a +3 ring of protection (right hand)
 E - a +1 ring of protection
 H - the amulet of Hack {Spirit +Inv rElec Int+5}
   (You found it on level 6 of the Dungeon)

   [amulet of guardian spirit]

   It causes incoming damage to be split between your health and magic.
   It affects your intelligence (+5).
   It insulates you from electricity.
   It lets you turn invisible.
 L - the amulet of Vitality (around neck) {Regen+ HP+15}
   (You found it on level 3 of the Lair of Beasts)

   [amulet of regeneration]

   It affects your health (+15).
   It increases your rate of regeneration.
 R - an uncursed ring of protection from magic
Wands
 c - a wand of digging (5)
 v - a wand of acid (7)
 K - a wand of iceblast (12)
 N - a wand of disintegration (57)
 P - a wand of scattershot (4)
Scrolls
 d - 4 scrolls of teleportation
 x - 9 scrolls of remove curse
 Q - 2 scrolls of identify
 X - 3 scrolls of summoning
 Y - a scroll of magic mapping
Potions
 b - 3 potions of ambrosia
 e - 2 potions of haste
 g - 3 potions of might
 h - a potion of cancellation
 j - 2 potions of mutation
 o - 3 potions of flight
 z - 4 potions of lignification
 G - a potion of magic
 U - 3 potions of curing
 W - a potion of invisibility
 Z - 2 potions of berserk rage
Books
 O - a manual of Throwing
Comestibles
 f - 37 rations
 D - 4 chunks of flesh


   Skills:
 + Level 11.8 Fighting
   Level 6.1 Short Blades
 + Level 5.6 Axes
 * Level 22.6 Slings
 + Level 8.9 Armour
 + Level 7.8 Dodging
 + Level 5.1 Stealth
 + Level 8.2 Shields
 * Level 11.3 Invocations
 + Level 1.9 Evocations


You had 15 spell levels left.
You didn't know any spells.
Your spell library contained the following spells:

 Spells                   Type           Power        Failure   Level  Hunger
 Animate Skeleton         Necr           N/A          91%         1    ##.....
 Corona                   Hex            #......      91%         1    ##.....
 Pain                     Necr           #...         91%         1    ##.....
 Summon Small Mammal      Summ           #...         91%         1    ##.....
 Call Imp                 Summ           #.......     97%         2    ###....
 Slow                     Hex            #.......     97%         2    ###....
 Call Canine Familiar     Summ           #.......     99%         3    ####...
 Inner Flame              Hex/Fire       #.......     99%         3    ####...
 Portal Projectile        Hex/Tloc       #.....       99%         3    ####...
 Regeneration             Chrm/Necr      #.........   99%         3    ####...
 Summon Guardian Golem    Hex/Summ       #.......     99%         3    ####...
 Vampiric Draining        Necr           #.........   99%         3    ####...
 Animate Dead             Necr           N/A          100%        4    #####..
 Cause Fear               Hex            #.........   100%        4    #####..
 Ice Form                 Ice/Tmut       #.......     100%        4    #####..
 Leda's Liquefaction      Hex/Erth       #.........   100%        4    #####..
 Summon Ice Beast         Ice/Summ       #.......     100%        4    #####..
 Summon Lightning Spire   Summ/Air       #.......     100%        4    #####..
 Metabolic Englaciation   Hex/Ice        #.........   100%        5    ######.
 Bolt of Cold             Conj/Ice       #.........   100%        6    #######
 Freezing Cloud           Conj/Ice/Air   #.........   100%        6    #######
 Ozocubu's Refrigeration  Ice            #.........   100%        6    #######
 Simulacrum               Ice/Necr       #.........   100%        6    #######


Dungeon Overview and Level Annotations

Branches:
Dungeon (15/15)            Temple (1/1) D:4            Lair (6/6) D:9
 Shoals (0/4) Lair:4       Spider (0/4) Lair:2        Slime (0/5) Lair:5
    Orc (2/2) D:11            Elf (1/3) Orc:2        Vaults (0/5) D:14
 Depths (0/5) D:15

Altars:
Ashenzari
Cheibriados
Dithmenos
Elyvilon
Fedhas
Gozag
Hepliaklqana
Kikubaaqudgha
Makhleb
Nemelex Xobeh
Okawaru
Qazlal
Ru
Sif Muna
Trog
Uskayaw
Vehumet
Wu Jian
Xom
Yredelemnul
Zin
The Shining One
Jiyva

Shops:
D:4 %(=*   D:10 ((   D:12 }   D:14 **}   Orc:2 (((%

Annotations:
D:4 910 amulet 102 sling bullets
D:7 Harold
D:10 1055 lance
Lair:5 1 runed translucent door


Innate Abilities, Weirdness & Mutations

You are small and have problems with some larger weapons.
You are somewhat resistant to further mutation.
You are agile. (Dex +2)
[You often lose your temper in combat.]
[Your body often deteriorates upon taking damage.]
[You are very dopey. (Int -4)]
[You frequently scream uncontrollably at your foes.]
[You are very weak. (Str -4)]


Message History

You feel a build-up of mutagenic energy.
It sticks to your hand!
s - the cursed +0 war axe "Xejo" (weapon)
{chop, *Contam Str+7 SInv} Some of the chunks of flesh in your inventory have rotted away.
You feel very mighty all of a sudden.
The blizzard demon hits you but does no damage.
The blizzard demon barely misses you. The blizzard demon gestures at you.
The bolt of lightning misses you. x2
The bolt of lightning hits the blizzard demon.
The blizzard demon completely resists.
The thrashing horror roars!
You slash the blizzard demon!
The blizzard demon is severely wounded.
Something unseen opens the door.
You block the blizzard demon's attack.
The blizzard demon hits you but does no damage.
A red very ugly thing comes into view.
The blizzard demon gestures at you. The bolt of cold hits you!!!
You die...

.. #..(.○......
##.....#...#...
.○..#..
.........((..((° .
..#.
......###...#(°#...#..
#.....#....(.###..
#... .....(#.# .#
#..##.X#(.#.# ...
#.).(.# ..# ....
#@2.$.# ... # ##.
####u##...# # .


You could see a red very ugly thing (wandering), a blizzard demon and a
thrashing horror.

Vanquished Creatures
  A stone giant (Orc:2)
  Nessos (Lair:5)
  An ettin (D:15)
  Josephine (D:12)
  4 vault guards (D:14)
  A fire dragon (Lair:6)
  Erolcha (D:10)
  6 hydras
  3 tengu warriors
  2 two-headed ogres (D:9)
  3 death yaks (Lair:5)
  A death knight (D:13)
  7 centaur warriors
  Urug (Lair:3)
  An orc high priest (Orc:2)
  A wretched star (Abyss:2)
  A fire crab (Lair:6)
  A spatial maelstrom (Abyss:2)
  3 unseen horrors
  A deep elf archer (D:15)
  A phantasmal warrior (D:14)
  Pikel (D:4)
  3 cyclopes
  13 deep elf magi
  3 orc knights
  6 orc sorcerers
  21 ugly things
  A manticore (D:13)
  11 black mambas
  Joseph (D:8)
  A black mamba (shapeshifter) (D:14)
  A smoke demon (Abyss:2)
  3 molten gargoyles (Lair:6)
  11 spiny frogs
  A rust devil (Abyss:2)
  2 gargoyles
  3 rime drakes
  An efreet (D:14)
  7 komodo dragons
  2 freezing wraiths (D:13)
  A tengu conjurer (D:14)
  3 polar bears (D:15)
  A jumping spider (Lair:2)
  9 trolls
  3 meliai (D:14)
  A raiju (Abyss:2)
  20 blink frogs
  6 hippogriffs
  4 slime creatures (D:14)
  2 dream sheep (D:8)
  A meliai zombie (D:12)
  A snapping turtle (Lair:4)
  5 shadows
  2 centaur simulacra
  6 wraiths
  5 wyverns
  2 water elementals (D:15)
  A vampire (D:12)
  Eustachio (D:4)
  7 yaks
  A neqoxec (Abyss:2)
  9 basilisks
  A fire elemental (Elf:1)
  Grum (D:8)
  A steam dragon (Lair:6)
  7 vampire mosquitoes
  3 wargs
  A hungry ghost (D:10)
  An acid dragon (D:14)
  9 water moccasins
  8 porcupines
  5 hell hounds (Lair:6)
  A swamp drake (Lair:2)
  6 ice beasts
  A meliai simulacrum (D:15)
  26 orc warriors
  3 sky beasts
  4 phantoms
  25 wolves
  An eye of draining (D:10)
  7 ogres
  A necrophage (D:9)
  19 centaurs
  9 crocodiles
  5 big kobolds
  A gnoll sergeant (D:6)
  17 bullfrogs
  A wyvern zombie (D:12)
  Blork the orc (D:4)
  A wyvern skeleton (D:12)
  3 water moccasin skeletons
  2 scorpions
  11 killer bees
  8 wights
  8 electric eels
  A howler monkey (D:10)
  5 lava snakes (Lair:6)
  12 crimson imps
  4 jellies
  A bullfrog zombie (D:7)
  A wyvern simulacrum (D:15)
  10 hounds
  21 orc priests
  2 bullfrog skeletons
  39 orc wizards
  8 centaur skeletons
  4 iguanas
  Natasha (thrice) (D:4)
  Terence (D:2)
  12 worker ants
  A hound zombie (D:6)
  Robin (D:2)
  18 gnolls
  9 adders
  A river rat (Lair:2)
  4 shadow imps
  3 ufetubi (D:15)
  3 oozes
  An adder zombie (D:7)
  3 worms
  A dart slug (D:1)
  3 leopard geckos
  73 orcs
  A ball python (D:1)
  6 giant cockroaches
  21 goblins
  16 hobgoblins
  12 jackals
  10 quokkas
  5 bats
  4 frilled lizards
  A goblin skeleton (D:8)
  A goblin zombie (D:8)
  6 hobgoblin zombies (D:8)
  24 kobolds
  A kobold zombie (D:8)
  2 leopard gecko zombies
  2 orc skeletons (D:8)
  2 orc zombies (D:8)
  A quokka skeleton (D:7)
  A quokka zombie (D:6)
  8 rats
  A fungus (Lair:6)
  4 plants
797 creatures vanquished.

Vanquished Creatures (others)
  A deep elf mage (D:15)
  A tengu conjurer (D:14)
  A vampire (D:15)
  A bullfrog (Lair:2)
  An orc (Orc:2)
  9 fungi
14 creatures vanquished.

Grand Total: 811 creatures vanquished

Notes
Turn   | Place    | Note
-------+----------+-------------------------------------------
     0 | D:1      | robertstho the Halfling Hunter began the quest for the Orb.
     0 | D:1      | Reached XP level 1. HP: 14/14 MP: 1/1
    94 | D:1      | Reached skill level 6 in Slings
   375 | D:1      | Reached XP level 2. HP: 19/19 MP: 2/2
   671 | D:1      | Reached XP level 3. HP: 23/24 MP: 3/3
  1356 | D:2      | Noticed Robin
  1358 | D:2      | Reached skill level 1 in Short Blades
  1385 | D:2      | Killed Robin
  1385 | D:2      | Reached skill level 7 in Slings
  1385 | D:2      | Reached XP level 4. HP: 19/29 MP: 4/4
  1897 | D:2      | Noticed Terence
  1914 | D:2      | Killed Terence
  1914 | D:2      | Reached skill level 1 in Armour
  1914 | D:2      | Reached XP level 5. HP: 25/34 MP: 5/5
  2544 | D:3      | Found a blossoming altar of Fedhas.
  2769 | D:4      | Found Epri's Jewellery Shoppe.
  2769 | D:4      | Noticed Blork the orc
  2777 | D:4      | Killed Blork the orc
  2777 | D:4      | Reached skill level 8 in Slings
  2777 | D:4      | Reached XP level 6. HP: 31/39 MP: 6/6
  2778 | D:4      | Noticed Natasha
  2779 | D:4      | Found Anti's Antique Weapon Emporium.
  2783 | D:4      | Killed Natasha
  2809 | D:4      | Bought a bloodstained hand axe for 128 gold pieces
  2809 | D:4      | Identified the +5 hand axe of Judgement {venom, rC- rN+
                  | Str+6} (You bought it in a shop on level 4 of the Dungeon)
  2841 | D:4      | Found Doigot's General Store.
  2894 | D:4      | Noticed Pikel
  2894 | D:4      | Noticed a slave
  2894 | D:4      | Noticed a slave
  2894 | D:4      | Noticed a slave
  2895 | D:4      | Noticed a slave
  2899 | D:4      | Paralysed by Pikel for 3 turns
  2908 | D:4      | Paralysed by Pikel for 4 turns
  2917 | D:4      | Killed Pikel
  2917 | D:4      | Reached skill level 5 in Short Blades
  2917 | D:4      | Reached skill level 1 in Axes
  2917 | D:4      | Reached XP level 7. HP: 40/45 MP: 7/7
  2917 | D:4      | Reached XP level 8. HP: 45/51 MP: 8/8
  2935 | D:4      | Noticed Natasha
  2940 | D:4      | Killed Natasha
  2989 | D:4      | Reached skill level 9 in Slings
  2991 | D:4      | Noticed Natasha
  2999 | D:4      | Killed Natasha
  3001 | D:4      | Noticed Eustachio
  3009 | D:4      | Killed Eustachio
  3023 | D:4      | Found a staircase to the Ecumenical Temple.
  3105 | Temple   | Entered the Ecumenical Temple
  3236 | D:4      | Found Kifrekin's Food Boutique.
  3444 | D:4      | Reached skill level 10 in Slings
  3544 | D:4      | Bought a potion of lignification for 36 gold pieces
  3569 | D:5      | Entered Level 5 of the Dungeon
  3891 | D:5      | Found an ancient bone altar of Kikubaaqudgha.
  3891 | D:5      | Found a hazy altar of Hepliaklqana.
  3933 | D:5      | Reached skill level 11 in Slings
  4031 | D:5      | Reached XP level 9. HP: 55/56 MP: 9/9
  4055 | D:5      | Found a stormy altar of Qazlal.
  4330 | D:6      | Reached skill level 12 in Slings
  4931 | D:6      | Found a radiant altar of Vehumet.
  5062 | D:6      | Reached skill level 13 in Slings
  5232 | D:6      | Got a steaming falchion
  5391 | D:6      | Got a transparent graven amulet
  5500 | D:7      | Found an iron altar of Okawaru.
  5539 | D:6      | Identified the cursed +0 falchion of the Shining Light
                  | {pain, rC+ Dex+2} (You found it on level 6 of the Dungeon)
  5797 | D:4      | Bought 17 sling bullets for 102 gold pieces
  5797 | D:4      | Identified the amulet of Hack {Spirit +Inv rElec Int+5}
                  | (You found it on level 6 of the Dungeon)
  6198 | D:7      | Became a worshipper of Warmaster Okawaru
  6872 | D:8      | Reached skill level 1 in Invocations
  6884 | D:8      | Noticed Harold
  6894 | D:8      | HP: 2/59 [Harold/+5 war axe of flaming (6)]
  6908 | D:8      | Found a glowing golden altar of the Shining One.
  6934 | D:8      | Noticed Joseph
  6945 | D:8      | Gained mutation: [You occasionally shout uncontrollably at
                  | your foes.] [potion of mutation]
  6945 | D:8      | Gained mutation: You are agile. (Dex +2) [potion of
                  | mutation]
  6990 | D:7      | Reached XP level 10. HP: 10/65 MP: 6/10
  8028 | D:8      | Killed Joseph
  8028 | D:8      | Reached * piety under Okawaru
  8227 | D:8      | Reached skill level 5 in Fighting
  8230 | D:8      | Noticed Grum
  8326 | D:9      | Reached skill level 14 in Slings
  8371 | D:9      | Noticed a two-headed ogre
  8394 | D:9      | Killed a two-headed ogre
  8394 | D:9      | Reached skill level 1 in Evocations
  8665 | D:9      | Reached ** piety under Okawaru
  8790 | D:9      | Noticed a two-headed ogre
  9173 | D:8      | Killed Grum
  9173 | D:8      | Reached skill level 15 in Slings
  9567 | D:8      | Reached skill level 5 in Armour
  9581 | D:8      | Reached XP level 11. HP: 48/72 MP: 9/13
  9696 | D:8      | Noticed a two-headed hydra
  9727 | D:8      | Killed a one-headed hydra
  9734 | D:8      | Reached *** piety under Okawaru
 10116 | D:9      | Found a staircase to the Lair.
 10536 | D:9      | Killed a two-headed ogre
 10856 | D:10     | Entered Level 10 of the Dungeon
 11039 | D:10     | Noticed Erolcha
 11086 | D:10     | Found Yrchut's Antique Weapon Shop.
 11137 | D:10     | Reached skill level 5 in Dodging
 11143 | D:10     | Bought an ivory dagger for 175 gold pieces
 11143 | D:10     | Identified the +4 dagger "Liedi" {drain, Int+4} (You bought
                  | it in a shop on level 10 of the Dungeon)
 11372 | D:10     | Noticed a cyclops
 11416 | D:10     | Killed an unseen horror
 11416 | D:10     | Reached **** piety under Okawaru
 11416 | D:10     | Reached skill level 5 in Invocations
 11421 | D:10     | Killed a cyclops
 11558 | D:10     | Found Foenejee's Weapon Shoppe.
 11667 | D:10     | Killed Erolcha
 11667 | D:10     | Reached skill level 16 in Slings
 11728 | D:10     | Found a blossoming altar of Fedhas.
 11822 | D:10     | Got a scorched shield
 11828 | D:10     | Identified the cursed +0 shield of Light {Str+3} (You found
                  | it on level 10 of the Dungeon)
 11863 | D:10     | Received a gift from Okawaru
 12188 | Lair:1   | Entered Level 1 of the Lair of Beasts
 12215 | Lair:1   | Noticed a seven-headed hydra
 12662 | Lair:1   | Reached XP level 12. HP: 81/81 MP: 16/16
 13547 | Lair:2   | Reached ***** piety under Okawaru
 13547 | Lair:2   | Reached skill level 1 in Shields
 14013 | Lair:2   | Noticed a six-headed hydra
 14045 | Lair:2   | Killed a six-headed hydra
 14045 | Lair:2   | Reached skill level 17 in Slings
 14544 | Lair:2   | Found a hole to the Spider Nest.
 14573 | Lair:2   | Received a gift from Okawaru
 15285 | Lair:3   | Received a gift from Okawaru
 15446 | Lair:3   | Noticed Urug
 15471 | Lair:3   | Killed Urug
 15471 | Lair:3   | Reached XP level 13. HP: 66/88 MP: 13/18
 15505 | Lair:3   | You fall into a shaft and drop 3 floors!
 15505 | Lair:6   | Entered Level 6 of the Lair of Beasts
 15928 | Lair:6   | Received a gift from Okawaru
 16130 | Lair:6   | Reached skill level 18 in Slings
 16335 | Lair:6   | Noticed a five-headed hydra
 16353 | Lair:6   | Killed a five-headed hydra
 16708 | Lair:6   | Found a large runed translucent door.
 17181 | Lair:6   | Found a large runed translucent door.
 17687 | Lair:6   | Noticed a fire dragon
 17755 | Lair:6   | Killed a fire dragon
 18176 | Lair:5   | Noticed Nessos
 18205 | Lair:5   | Killed Nessos
 18559 | Lair:5   | Received a gift from Okawaru
 18655 | Lair:5   | Reached skill level 5 in Axes
 18669 | Lair:5   | Reached skill level 19 in Slings
 18669 | Lair:5   | Reached XP level 14. HP: 54/97 MP: 9/20
 18787 | Lair:5   | Received a gift from Okawaru
 18787 | Lair:5   | Reached skill level 5 in Shields
 18909 | Lair:5   | Found a runed translucent door.
 18911 | Lair:5   | Found a viscous altar of Jiyva.
 19356 | Lair:5   | Found a staircase to the Slime Pits.
 19357 | Lair:5   | Noticed an acid blob
 19430 | Lair:5   | Received a gift from Okawaru
 19571 | Lair:4   | You fall into a shaft and drop 2 floors!
 19718 | Lair:4   | Received a gift from Okawaru
 19977 | Lair:4   | Found a staircase to the Shoals.
 20822 | Lair:3   | Found the amulet of Vitality {Regen+ HP+15}
 21617 | D:11     | Found a staircase to the Orcish Mines.
 21740 | D:12     | Reached skill level 10 in Fighting
 21754 | D:12     | Noticed Josephine
 21773 | D:12     | Killed Josephine
 21930 | D:12     | Received a gift from Okawaru
 21961 | D:12     | Got a faintly humming chain mail {god gift}
 22348 | D:12     | Found Mollod's Gadget Boutique.
 22493 | D:12     | Identified the +5 chain mail "Iqufuofa" {-Tele rElec rF+++
                  | SInv} (Okawaru gifted it to you on level 12 of the Dungeon)
 22725 | D:13     | Reached skill level 20 in Slings
 22761 | D:13     | Got a steaming copper ring
 22763 | D:13     | Identified the ring of Cacwuh {+Fly Str+3 Dex+2} (You found
                  | it on level 13 of the Dungeon)
 23239 | D:13     | Reached XP level 15. HP: 105/105 MP: 22/22
 23886 | Orc:1    | Entered Level 1 of the Orcish Mines
 24392 | Orc:2    | Entered Level 2 of the Orcish Mines
 24457 | Orc:2    | Noticed a stone giant
 24479 | Orc:2    | Killed a stone giant
 24621 | Orc:2    | Found a shimmering altar of Xom.
 24662 | Orc:2    | Reached skill level 10 in Invocations
 25045 | Orc:2    | Received a gift from Okawaru
 25075 | Orc:2    | Found Xepol's Weapon Emporium.
 25075 | Orc:2    | Found Itzosch's Weapon Shoppe.
 25076 | Orc:2    | Found Annuemuj's Food Shoppe.
 25079 | Orc:2    | Found Loicaobb's Antique Weapon Emporium.
 25082 | Orc:2    | Bought 16 sling bullets for 120 gold pieces
 25120 | Orc:2    | Found a staircase to the Elven Halls.
 25842 | D:14     | Found Jasaroump's General Store.
 26050 | D:14     | Received a gift from Okawaru
 26054 | D:14     | Reached skill level 21 in Slings
 26058 | D:14     | Reached skill level 5 in Stealth
 26328 | D:14     | Found an opulent altar of Gozag.
 26696 | D:14     | Found a gate to the Vaults.
 26744 | D:14     | Found Wedyixa's Assorted Antiques.
 26829 | D:14     | Found Beaga's Gadget Boutique.
 26983 | D:15     | Entered Level 15 of the Dungeon
 27049 | D:14     | Received a gift from Okawaru
 27207 | D:15     | Reached XP level 16. HP: 112/112 MP: 24/24
 27216 | D:15     | Reached ****** piety under Okawaru
 27367 | D:15     | Received a gift from Okawaru
 27676 | D:15     | Reached skill level 22 in Slings
 28051 | D:15     | Found a staircase to the Depths.
 28858 | Elf:1    | Entered Level 1 of the Elven Halls
 29066 | Elf:1    | Cast into level 2 of the Abyss (a deep elf demonologist)
 29149 | Abyss:2  | Got a smoking war axe
 29150 | Abyss:2  | Identified the cursed +0 war axe "Xejo" {chop, *Contam
                  | Str+7 SInv} (You found it on level 2 of the Abyss)
 29152 | Abyss:2  | Killed from afar by a blizzard demon

Levels and vault maps discovered:
D:1:      nicolae_arrival_memento_mori, layout_loops_ring,
          chequers_serial_rivers_small_b
D:2:      layout_loops_ring, minmay_heptomino_w4, uniq_terence, uniq_robin
D:3:      layout_loops_ring, fedhas_altar_3
D:4:      layout_loops_ring, minmay_temple_entry_statues_fountains,
          serial_shops, nicolae_shop_stone, nicolae_shop_behind_doors, shop,
          shop, first_ration, uniq_pikel, uniq_natasha, uniq_blork_the_orc,
          uniq_eustachio
D:5:      kennysheep_six_static_rooms, layout_cave_pools,
          gammafunk_temple_overflow_elements, kennysheep_mini
D:6:      corexii_shantytown, layout_basic, lemuel_crystal_altar
D:7:      layout_basic, okawaru_ov_weapons_minmay, wad_rectangle_vault
D:8:      layout_basic, nicolae_tso_besieged_by_evil, hangedman_ranch
          [blue_anna_fruit_fields], uniq_joseph, uniq_harold, uniq_grum
D:9:      layout_basic, lair_entry_dummy
D:10:     kennysheep_ambush_hall, layout_rooms, serial_shops, shop, shop,
          basic_altar, uniq_erolcha
D:11:     layout_big_octagon, orc_0_dummy
D:12:     layout_loops_ring, gauntlet_entry_generic, serial_shops, shop,
          uniq_josephine
D:13:     layout_long_grid
D:14:     layout_stronghold, lightli_vaults_fourway_checkpoint, serial_glass,
          glass_columns_b, glass_columns_c, serial_shops,
          nicolae_shop_behind_doors, nicolae_shop_stone, shop,
          nicolae_gozag_seed_capital
D:15:     hangedman_depths_entry_civil_slaughter, layout_irregular_city,
          serial_ice, serial_ice_n, serial_ice_b, serial_ice_i, serial_ice_m,
          serial_ice_e, serial_ice_h
Temple:   eino_wide_crystal_templ
Lair:1:   layout_regular_city, beast_lair_carwin_10, grunt_megastairs_5
Lair:2:   layout_roguey, spider_nest_entry_rubble, pond
Lair:3:   layout_chaotic_city, uniq_urug
Lair:4:   layout_small_grid, minmay_shoals_entry_hut, lemuel_fruit_tree
Lair:5:   layout_hall_layers, slime_altar_2, kennysheep_basilisk_garden,
          serial_bayou_shore_b, uniq_nessos
Lair:6:   cheibrodos_lair_end_hotspot, layout_long_grid, serial_bayou_shore_b
Orc:1:    layout_diamond_mine
Orc:2:    st_orc_mages, layout_caves, basic_altar, nicolae_orc_damp_corner
Elf:1:    eino_elf_arrival_shootout, layout_loops_corners, serial_shops, shop,
          hangedman_corner_corridor
Abyss:2:  minivault_13, evilmike_abyss_exit_8

Skill      XL: |  1  2  3  4  5  6  7  8  9 10 11 12 13 14 15 16 |
---------------+-------------------------------------------------+-----
Slings         | 6 7 8 11 13 15 16 17 19 20 21 22 | 22.6
Short Blades   | 1 2 5 6 |  6.1
Armour         | 1 2 3 4 5 6 7 8 |  8.9
Fighting       | 2 3 4 5 7 8 9 10 11 | 11.8
Dodging        | 3 4 5 6 7 |  7.8
Axes           | 1 2 3 4 5 |  5.6
Stealth        | 2 3 4 5 |  5.1
Invocations    | 1 3 5 6 8 9 10 11 | 11.3
Evocations     | 1 |  1.9
Shields        | 3 4 6 7 8 |  8.2

Action                   |  1- 3 |  4- 6 |  7- 9 | 10-12 | 13-15 | 16-18 || total
-------------------------+-------+-------+-------+-------+-------+-------++-------
Melee: Short sword       |   107 |       |       |       |       |       ||   107
       Dagger            |       |    93 |       |       |       |       ||    93
       Hand axe          |       |    16 |    50 |   134 |    93 |    50 ||   343
       Falchion          |       |       |     3 |       |       |       ||     3
       Fustibalus        |       |       |       |       |     1 |       ||     1
       War axe           |       |       |       |       |       |     1 ||     1
 Fire: Hunting sling     |    16 |    44 |   463 |   981 |    37 |       ||  1541
       Fustibalus        |       |       |       |       |  1630 |   337 ||  1967
Invok: Heroism           |       |       |       |     6 |    14 |     2 ||    22
       Finesse           |       |       |       |     1 |     8 |     1 ||    10
 Abil: Evoke Invisibilit |       |       |       |     1 |     1 |       ||     2
Evoke: Wand              |       |       |     1 |     7 |       |       ||     8
  Use: Scroll            |       |     6 |     6 |     4 |    12 |     1 ||    29
       Potion            |       |       |    14 |     4 |     2 |     5 ||    25
 Stab: Sleeping          |     2 |     1 |     3 |       |       |       ||     6
       Invisible         |       |       |       |       |    11 |     1 ||    12
  Eat: Chunk             |     1 |     5 |    11 |    18 |    21 |     4 ||    60
       Ration            |       |       |       |     3 |     3 |     1 ||     7
Armor: Leather armour    |    25 |     3 |       |       |       |       ||    28
       Scale mail        |       |    18 |       |       |       |       ||    18
       Ring mail         |       |     8 |    69 |   134 |   181 |    44 ||   436
Dodge: Dodged            |    93 |    62 |   188 |   327 |   435 |   105 ||  1210
Block: Shield            |       |       |       |   164 |   402 |   106 ||   672
       Rpst.: Falchion   |       |       |     1 |       |       |       ||     1

Table legend:
 A = Non-vault XP
 B = Vault XP
 C = Vault XP percentage of total XP
 D = Non-vault monster count
 E = Vault monster count
 F = Vault count percentage of total count
                 A         B        C        D         E       F
            +---------+---------+-------+---------+---------+-------
      Total |   89862 |   46828 |  34.3 |     554 |     242 |  30.4
            +---------+---------+-------+---------+---------+-------
        D:1 |      31 |       0 |   0.0 |      17 |       0 |   0.0
        D:2 |      31 |      82 |  72.6 |      15 |      17 |  53.1
        D:3 |      70 |       0 |   0.0 |      15 |       0 |   0.0
        D:4 |     412 |     955 |  69.9 |      17 |       4 |  19.0
        D:5 |     347 |     111 |  24.2 |      14 |       3 |  17.6
        D:6 |     841 |     207 |  19.8 |      32 |      33 |  50.8
        D:7 |     651 |     346 |  34.7 |      24 |       7 |  22.6
        D:8 |      57 |    3053 |  98.2 |       4 |      25 |  86.2
        D:9 |    3311 |       0 |   0.0 |      31 |       0 |   0.0
       D:10 |    3039 |    1687 |  35.7 |      24 |       8 |  25.0
       D:11 |    2454 |       0 |   0.0 |      33 |       0 |   0.0
       D:12 |    5801 |    1975 |  25.4 |      51 |       5 |   8.9
       D:13 |    8592 |       0 |   0.0 |      30 |       0 |   0.0
       D:14 |   12259 |    5068 |  29.2 |      43 |      11 |  20.4
       D:15 |   15590 |    6727 |  30.1 |      45 |      20 |  30.8
     Lair:1 |    1696 |    1562 |  47.9 |       6 |      11 |  64.7
     Lair:2 |    7117 |     612 |   7.9 |      34 |       5 |  12.8
     Lair:3 |    3741 |     851 |  18.5 |      15 |       1 |   6.2
     Lair:4 |    4858 |     244 |   4.8 |      19 |       1 |   5.0
     Lair:5 |    8262 |    2301 |  21.8 |      21 |       6 |  22.2
     Lair:6 |    2882 |    9390 |  76.5 |       9 |      29 |  76.3
      Orc:1 |    1569 |       0 |   0.0 |      28 |       0 |   0.0
      Orc:2 |    4383 |    4952 |  53.0 |      24 |      42 |  63.6
      Elf:1 |    1117 |    4654 |  80.6 |       2 |       9 |  81.8
    Abyss:2 |     751 |    2051 |  73.2 |       1 |       5 |  83.3
            +---------+---------+-------+---------+---------+-------
